 Dungeon Crawl Stone Soup version 0.31-a0-1581-g41d5ff3e7b (webtiles) character file.

Game seed: 10439911732724279760

5405 Gargoyl the Cleaver (level 10, -14/96 HPs)
             Began as a Gargoyle Berserker on Jan 5, 2024.
             Was a Priest of Trog.
             Demolished by a warg (15 damage)
             ... on level 10 of the Dungeon.
             The game lasted 00:10:28 (8296 turns).

Gargoyl the Cleaver (Gargoyle Berserker)            Turns: 8296, Time: 00:10:29

Health: -14/96     AC: 24    Str: 22    XL:     10   Next: 67%
Magic:  10/10      EV: 10    Int:  7    God:    Trog [***...]
Gold:   536        SH:  0    Dex: 13    Spells: 9/9 levels left

rFire   . . .        h - +1 hand axe (freeze)
rCold   . . .        (no shield)
rNeg    + . .        s - +0 chain mail
rPois   ∞            (no helmet)
rElec   +            c - +2 cloak
rCorr   .            o - +2 pair of gloves
SInv    .            (no boots)
Will    .....        (no amulet) Stlth
                     (no ring)
HPRegen 0.36/turn    (no ring)
MPRegen 0.12/turn

%: no passive effects
@: berserking, very quick
A: sickness immunity, AC +7, negative energy resistance 1, electricity
resistance, torment resistance 1, petrification resistance, talons 1
a: Renounce Religion, Berserk, Trog's Hand


You were on level 10 of the Dungeon.
You worshipped Trog.
Trog was most pleased with you.
You visited 1 branch of the dungeon, and saw 10 of its levels.
You also visited: Sewer.

You collected 536 gold pieces.

Inventory:

Hand Weapons
 a - a +1 hand axe
 h - a +1 hand axe of freezing (weapon)
 x - a +0 war axe
Armour
 c - a +2 cloak (worn)
 o - a +2 pair of gloves (worn)
 s - a +0 chain mail (worn)
Jewellery
 f - an amulet of magic regeneration
 C - a ring of fire
Wands
 i - a wand of flame (14)
 r - a wand of roots (9)
 t - a wand of mindburst (15)
 y - a wand of light (9)
 A - a wand of digging (8)
 B - a wand of charming (6)
Scrolls
 b - 8 scrolls of enchant armour
 d - a scroll of silence
 l - 6 scrolls of teleportation
 m - 2 scrolls of fear
 p - 2 scrolls of revelation
 u - 2 scrolls of butterflies
 w - 4 scrolls of poison
Potions
 e - 3 potions of lignification
 g - a potion of resistance
 j - 3 potions of heal wounds
 k - 4 potions of might
 n - 8 potions of curing
 q - a potion of enlightenment {unknown}
 v - 2 potions of haste
 z - a potion of brilliance {unknown}


   Skills:
 + Level 7.9 Fighting
 + Level 10.4 Axes
 + Level 7.6 Armour
 + Level 4.6 Dodging
 + Level 3.0 Stealth


You had 9 spell levels left.
You didn't know any spells.
Your spell library was empty.

Dungeon Overview and Level Annotations

Branches:
Dungeon (10/15)            Temple (0/1) D:5            Lair (0/5) D:10
  Sewer (visited)
    Orc: D:9-12

Altars:
Ashenzari
Elyvilon
Makhleb
Nemelex Xobeh
Trog
Uskayaw
Vehumet

Annotations:
D:4 2 transporters, YordlordTheGreat's ghost, novice MfSu


Innate Abilities, Weirdness & Mutations

You are immune to sickness and miasma.
Your stone body is resilient. (AC +7)
You are immune to poison.
You resist negative energy. (rN+)
You are resistant to electric shocks. (rElec)
You are resistant to unholy torment.
You are immune to petrification.
You have sharp toenails.


Message History

You closely miss the troll. Your kick misses the troll.
The troll is severely wounded.
Unknown command.
You barely miss the troll. You claw the troll.
The troll is almost dead.
The troll bites you. The troll claws you. x2
You completely miss the troll. Your kick misses the troll.
The troll is almost dead.
A wolf comes into view.
The troll bites you! The troll claws you. The troll claws you!
Unknown command.
You slash the troll! You freeze the troll.
You kill the troll!
Trog accepts your kill.
You hit the warg but do no damage. The warg bites you!
* * * LOW HITPOINT WARNING * * *
The warg bites you.
* * * LOW HITPOINT WARNING * * *
Unknown command.
You hit the warg. You freeze the warg.
The warg is lightly wounded.
The warg bites you but does no damage.
A red film seems to cover your vision as you go berserk!
You feel yourself moving faster!
You feel mighty!
You hit the wolf. You freeze the wolf. Your kick misses the wolf.
The wolf is moderately wounded.
You barely miss the warg. The warg bites you but does no damage.
A troll comes into view.
You barely miss the wolf.
The wolf is moderately wounded.
The troll shouts!
You slash the warg! You freeze the warg. The wolf closely misses you.
The warg bites you.
* * * LOW HITPOINT WARNING * * *
You hit the wolf. You freeze the wolf.
The wolf is heavily wounded.
You hit the warg. You freeze the warg. The wolf bites you.
* * * LOW HITPOINT WARNING * * *
The warg bites you!
You die...

### ####.# ##
#..#.#### ##..
##.....#.## #....
#.........##
##...#..........#
#....h@##.......###
....:##h###........#
...# ... ###.##...##
.. ..... #.##....##
.....>. ...##....#
.........#.###..###
..T......#### ##.###
..........#
#.###...##
#........#


You could see a troll, a warg and a wolf.

Vanquished Creatures
  The ghost of tish the Magician, a novice GnWn of Nemelex Xobeh (D:7)
  A troll (D:10)
  A polar bear (D:8)
  2 wyverns
  A vampire (D:9)
  A yak (D:8)
  A steam dragon (D:7)
  An unseen horror simulacrum (D:8)
  An acid dragon (D:9)
  A water moccasin (D:6)
  Duvessa (D:4)
  Pargi (Sewer)
  3 orc warriors (D:8)
  5 ice beasts
  2 sky beasts
  2 ogres
  A wolf (D:8)
  A centaur (D:8)
  A phantom (D:5)
  A brain worm (Sewer)
  4 bullfrogs
  4 scorpions
  Dowan (D:4)
  3 wights (D:8)
  3 howler monkeys
  4 hounds
  3 jellies
  5 orc priests
  3 iguanas
  A sleepcap (D:4)
  5 orc wizards
  2 killer bee simulacra (D:8)
  7 gnolls
  A river rat (D:5)
  15 adders
  2 white imps
  2 howler monkey simulacra (D:8)
  2 ufetubi (D:5)
  3 ribbon worms
  3 dart slugs
  27 orcs
  7 ball pythons
  6 endoplasms
  7 giant cockroaches
  3 hobgoblins
  A jackal (D:1)
  4 quokkas
  4 bats
  5 frilled lizards
  7 goblins
  4 kobolds
  9 rats
186 creatures vanquished.

Vanquished Creatures (others)
  An orc wizard (D:9)
1 creature vanquished.

Grand Total: 187 creatures vanquished

Notes
Turn   | Place    | Note
-------+----------+-------------------------------------------
     0 | D:1      | Gargoyl the Gargoyle Berserker began the quest for the Orb.
     0 | D:1      | Reached XP level 1. HP: 14/14 MP: 1/1
   125 | D:1      | Reached XP level 2. HP: 13/19 MP: 2/2
   288 | D:1      | Reached skill level 3 in Axes
   302 | D:1      | Reached XP level 3. HP: 20/24 MP: 3/3
   456 | D:1      | Reached ** piety under Trog
  1095 | D:2      | Reached skill level 1 in Stealth
  1476 | D:2      | Reached XP level 4. HP: 29/29 MP: 4/4
  1666 | D:3      | Found a broken altar of Ashenzari.
  1688 | D:3      | Found a burning altar of Makhleb.
  1707 | D:3      | Noticed a ynoxinul
  2058 | D:4      | Noticed an ogre
  2067 | D:4      | Killed an ogre
  2068 | D:4      | Reached skill level 4 in Axes
  2068 | D:4      | Reached XP level 5. HP: 24/33 MP: 5/5
  2179 | D:4      | Found a transporter.
  2179 | D:4      | Found a transporter.
  2179 | D:4      | Noticed YordlordTheGreat's ghost (novice MfSu)
  2244 | D:4      | Reached XP level 6. HP: 26/38 MP: 6/6
  2249 | D:4      | HP: 1/38 [something/puff of flame (5)]
  2722 | D:4      | Noticed Duvessa
  2722 | D:4      | Noticed Dowan
  2738 | D:4      | Killed Duvessa
  2739 | D:4      | Reached XP level 7. HP: 44/44 MP: 7/7
  2740 | D:4      | Killed Dowan
  2869 | D:4      | Reached skill level 5 in Axes
  3195 | D:5      | Entered Level 5 of the Dungeon
  3222 | D:5      | Reached skill level 5 in Fighting
  3300 | D:5      | Found a staircase to the Ecumenical Temple.
  3313 | D:5      | Reached XP level 8. HP: 28/49 MP: 8/8
  3389 | D:5      | Reached skill level 6 in Axes
  3675 | D:5      | Found a glowing drain.
  3682 | Sewer    | Entered a sewer
  3722 | Sewer    | Noticed Pargi
  3731 | Sewer    | Killed Pargi
  4416 | D:6      | Reached skill level 7 in Axes
  4927 | D:6      | Reached *** piety under Trog
  5101 | D:7      | Reached XP level 9. HP: 49/55 MP: 9/9
  5110 | D:7      | Reached skill level 5 in Armour
  5337 | D:7      | Found a runed translucent door.
  5337 | D:7      | Noticed tish's ghost (novice GnWn)
  5500 | D:7      | Reached skill level 8 in Axes
  5579 | D:7      | Found a sparkling altar of Nemelex Xobeh.
  6122 | D:7      | Gained mutation: You are somewhat resistant to further
                  | mutation. [potion of mutation]
  6122 | D:7      | Gained mutation: You are frail. (-10% HP) [potion of
                  | mutation]
  6123 | D:7      | Lost mutation: You are somewhat resistant to further
                  | mutation. [potion of mutation]
  6123 | D:7      | Lost mutation: You are frail. (-10% HP) [potion of
                  | mutation]
  6123 | D:7      | Gained mutation: You have sharp toenails. [potion of
                  | mutation]
  6128 | D:7      | Noticed a lightning spire
  6150 | D:7      | Killed tish's ghost
  6265 | D:8      | Reached skill level 9 in Axes
  6379 | D:8      | Found a white marble altar of Elyvilon.
  6474 | D:8      | Noticed a polar bear
  6482 | D:8      | Killed a polar bear
  6486 | D:8      | Reached XP level 10. HP: 63/63 MP: 10/10
  6730 | D:8      | Reached skill level 10 in Axes
  7229 | D:9      | Found a hide-covered altar of Uskayaw.
  7760 | D:9      | Found a bloodstained altar of Trog.
  8195 | D:10     | Entered Level 10 of the Dungeon
  8195 | D:10     | Found a radiant altar of Vehumet.
  8250 | D:10     | Found a staircase to the Lair.
  8296 | D:10     | HP: 1/96 [wolf (5)]
  8296 | D:10     | Demolished by a warg

Illustrated notes

Levels and vault maps discovered:
D:1:      spicycebolla_arrival_ecumenical, layout_basic, serial_rivers,
          chequers_serial_rivers_small_b, chequers_serial_rivers_micro_a,
          chequers_serial_rivers_room_a, chequers_serial_rivers_room_b,
          chequers_serial_rivers_large_b, chequers_serial_rivers_micro_c,
          st_stairs_2, minmay_pentomino_p2
D:2:      layout_loops_ring
D:3:      layout_rooms, makhleb_altar_promises_db, ashenzari_altar_1
D:4:      layout_layer_cave, gammafunk_ghost_arena, minmay_manual_monstrance,
          uniq_duvessa
D:5:      layout_rooms, minmay_temple_entry_arrows, gup_sewer_entry_bubbles,
          serial_rivers, chequers_serial_rivers_micro_a,
          chequers_serial_rivers_micro_c, chequers_serial_rivers_micro_d,
          chequers_serial_rivers_micro_e, chequers_serial_rivers_room_a,
          chequers_serial_rivers_micro_b
D:6:      layout_basic, feat_on_display
D:7:      layout_loops_corners, kennysheep_mini_moat,
          hellmonk_ghost_happy_afterlife
D:8:      layout_loops_ring, mainiacjoe_overflow_six_doors_small, serial_ice,
          serial_ice_d, serial_ice_f, serial_ice_c, serial_ice_h
D:9:      layout_roguey, mainiacjoe_overflow_brackets,
          nicolae_uskayaw_dance_hall
D:10:     layout_cave_pools, mainiacjoe_overflow_alcove_1, lair_entry_dummy,
          minmay_orc_entry_guard_dogs

Skill      XL: |  1  2  3  4  5  6  7  8  9 10 |
---------------+-------------------------------+-----
Axes           | 3 4 5 7 9 10 | 10.4
Stealth        | 1 2 3 |  3.0
Fighting       | 4 5 6 7 |  7.9
Dodging        | 2 3 4 |  4.6
Armour         | 3 4 6 7 |  7.6

Action                     |  1- 3 |  4- 6 |  7- 9 | 10-12 || total
---------------------------+-------+-------+-------+-------++-------
  Melee: Hand axe          |   119 |   159 |   389 |   156 ||   823
         Punch             |     2 |     2 |     3 |     3 ||    10
         Kick              |       |       |     8 |    48 ||    56
 Invoke: Berserk           |       |     5 |     9 |     3 ||    17
         Trog's Hand       |       |     3 |     1 |     1 ||     5
    Use: Scroll            |       |     4 |    11 |     3 ||    18
         Potion            |       |     2 |     5 |       ||     7
   Stab: Sleeping          |     2 |     2 |       |       ||     4
 Armour: Animal skin       |    68 |    66 |       |       ||   134
         Chain mail        |       |   188 |   375 |   158 ||   721
  Dodge: Dodged            |    80 |   111 |   221 |    67 ||   479

Table legend: (Time is in decaauts)
 A = Elapsed time spent in this place.
 B = Non-inter-level travel time spent in this place.
 C = Inter-level travel time spent in this place.
 D = Time resting spent in this place.
 E = Time spent auto-exploring this place.
 F = Levels seen in this place.
 G = Mean time per level.
                   A        B        C        D        E       F      G
               +--------+--------+--------+--------+--------+-----+--------+
         Total |   8517 |   7964 |    553 |    346 |   5758 |  11 |  774.3 |
       Dungeon |   8337 |   7784 |    553 |    346 |   5673 |  10 |  833.7 |
         Sewer |    179 |    179 |      0 |      0 |     85 |   1 |  179.0 |
               +--------+--------+--------+--------+--------+-----+--------+

Top non-repeatable levels by time:
     D:4: 1236 daAuts
     D:7: 1221 daAuts
     D:8: 1027 daAuts
     D:5: 949 daAuts
     D:6: 917 daAuts
     D:1: 911 daAuts
     D:2: 727 daAuts
     D:9: 725 daAuts
     D:3: 523 daAuts
   Sewer: 179 daAuts
    D:10: 97 daAuts
